Bruins vs Oilers
Created - March 2, 2024 at 09:23
Goals
|
| Bruins |
0 |
1 |
2 |
0 |
3 |
| Oilers |
0 |
3 |
0 |
1 |
4 |
|
Shots
|
| Bruins |
10 |
15 |
14 |
0 |
39 |
| Oilers |
10 |
9 |
6 |
2 |
27 |
|
1st period
No Goal
Penalties :
Mattias Ekholm (Edm) for Hooking (Minor) at 12:24
2nd period
1. Oilers , Greg Stewart 22 (Leon Draisaitl 14, Alexander Radulov 6) at 0:46
2. Oilers , Connor McDavid 31 (Connor Brown 37) at 5:36 (PP)
3. Bruins , Wojtek Wolski 18 (Madison Bowey 15) at 11:03
4. Oilers , Mathew Dumba 9 (Greg Stewart 27, Connor McDavid 23) at 13:38
Penalties :
Wojtek Wolski (Bos) for Roughing (Minor) at 2:43, Adam Pelech (Bos) for Holding (Minor) at 5:30, Wojtek Wolski (Bos) for Roughing (Minor) at 6:05
3rd period
5. Bruins , Wojtek Wolski 19 (Kevin Hayes 14, Torey Krug 14) at 3:36
6. Bruins , Zack Kassian 26 (Jonathan Toews 39, Jason Demers 22) at 7:58
Penalties :
Zack Kassian (Bos) for Close Hand On Puck (Minor) at 1:24, Zack Kassian (Bos) for Slashing (Minor) at 11:11, Adam Pelech (Bos) for Hooking (Minor) at 18:58
Overtime #1
7. Oilers , Alex Tuch 5 (Connor Brown 38) at 1:14
Penalties :
No Penalty
Goalie Stats
Kevin Poulin (Bos), 23 saves from 27 shots - (0.852), OTL, 26-17-6, 61:14 minutes
Carter Hart (Edm), 36 saves from 39 shots - (0.923), W, 24-20-2, 61:14 minutes
Players Stats for Bruins
Player Name G A P +/- PIM S H SB GA TA FO MP PP MP PK MP
------------------------------------------------------------------------------------
Adam Pelech 0 0 0 0 4 1 1 2 0 0 0/0 10:47 0:00 0:00
Andreas Athanasiou 0 0 0 0 0 1 0 0 0 1 0/0 6:55 0:00 0:00
Brendan Smith 0 0 0 -3 0 1 1 1 0 0 0/0 20:31 0:56 3:45
Casey Cizikas 0 0 0 -1 0 0 2 0 1 0 5/18 14:34 0:00 4:14
Craig Smith 0 0 0 0 0 3 2 0 0 0 0/0 10:00 0:00 0:00
Eric Wellwood 0 0 0 0 0 3 0 0 0 0 0/0 12:21 0:00 2:15
Gabriel Landeskog 0 0 0 0 0 4 1 0 3 1 8/12 23:55 0:41 6:13
Jason Demers 0 1 1 2 0 0 1 1 2 0 0/0 30:10 1:03 6:16
Jonathan Toews 0 1 1 0 0 2 1 1 0 0 12/28 22:14 1:18 2:10
Josh Manson 0 0 0 1 0 0 1 0 0 0 0/0 10:33 0:00 0:00
Kevin Hayes 0 1 1 1 0 4 4 0 0 0 3/8 13:52 0:41 0:00
Madison Bowey 0 1 1 1 0 2 0 2 3 0 0/0 23:55 0:56 3:45
Mark Stone 0 0 0 1 0 2 1 0 0 0 1/2 13:52 0:41 0:00
Radek Faksa 0 0 0 0 0 2 0 0 1 0 1/3 6:55 0:00 0:00
Taylor Beck 0 0 0 0 0 0 0 0 0 1 0/0 7:35 0:00 0:39
Torey Krug 0 1 1 -2 0 4 4 2 0 0 0/0 26:46 1:03 6:16
Wojtek Wolski 2 0 2 1 4 5 2 0 0 0 0/1 16:48 1:18 0:25
Zack Kassian 1 0 1 0 4 5 4 0 1 0 0/2 23:06 1:18 3:08
Players Stats for Oilers
Player Name G A P +/- PIM S H SB GA TA FO MP PP MP PK MP
------------------------------------------------------------------------------------
Alex Tuch 1 0 1 1 0 3 1 0 0 0 0/0 12:50 4:26 0:19
Alexander Radulov 0 1 1 1 0 0 0 0 0 0 0/2 14:08 0:00 0:00
Anton Slepyshev 0 0 0 0 0 1 0 0 0 1 0/0 7:52 0:00 0:19
Brent Seabrook 0 0 0 0 0 0 1 3 0 3 0/0 23:14 3:08 0:53
Connor Brown 0 2 2 0 0 4 0 0 0 0 1/1 20:26 4:37 0:00
Connor McDavid 1 1 2 -1 0 2 2 1 0 0 19/35 21:05 4:37 0:00
Drew Doughty 0 0 0 0 0 1 0 2 1 1 0/0 27:24 5:55 1:06
Frederik Gauthier 0 0 0 -1 0 0 0 0 0 0 9/13 12:44 0:00 1:08
Greg Stewart 1 1 2 1 0 4 1 2 0 0 0/0 18:03 4:37 0:00
Jake Virtanen 0 0 0 -1 0 2 0 0 1 0 1/1 11:36 0:00 0:00
Kyle Clifford 0 0 0 -1 0 1 4 0 0 1 0/2 22:11 4:26 1:08
Leon Draisaitl 0 1 1 1 0 5 3 1 0 1 14/20 19:21 4:26 0:32
Marcus Pettersson 0 0 0 0 0 0 2 1 0 1 0/0 24:36 5:55 0:00
Mark Jankowski 0 0 0 0 0 0 0 0 0 0 0/0 6:27 0:00 0:00
Mathew Dumba 1 0 1 0 0 2 1 4 1 2 0/0 23:14 3:08 0:53
Mattias Ekholm 0 0 0 0 2 0 0 0 0 0 0/0 11:41 0:00 0:00
Raphael Diaz 0 0 0 -1 0 0 1 0 0 1 0/0 13:08 0:00 1:06
Tyler Bertuzzi 0 0 0 -1 0 2 2 0 0 0 0/0 12:40 0:00 0:32
3 Stars
1 - Greg Stewart (Edm)
2 - Connor McDavid (Edm)
3 - Wojtek Wolski (Bos)
Power Play
Bruins - 0 on 1 Attempt(s) - 0.00%
Oilers - 1 on 6 Attempt(s) - 16.67%
Penalty Kill
Bruins - 5 on 6 Attempt(s) - 83.33%
- Score 0 goal in Penalty Kill
Oilers - 1 on 1 Attempt(s) - 100.00%
- Score 0 goal in Penalty Kill
Team Stat
Bruins - Hits : 25 - Faceoff Wins : 30 - Blocked Shots : 9 - Penalty Minutes : 12
Oilers - Hits : 18 - Faceoff Wins : 44 - Blocked Shots : 14 - Penalty Minutes : 2
Official
Referees : Kelly Sutherland and Kevin Pollock
Linesman : Mark Shewchyk and Libor Suchanek
Game Notes
7:16 of 1st period - Bruins goal is going for a video replay. After video review, No Goal. The goalkeeper has been pushed into the net together with the puck after making a save.
Finance
Level 1 -- Attendance: 6000 (100.00%) -- Ticket Income $600,000
Level 2 -- Attendance: 5000 (100.00%) -- Ticket Income $300,000
Level 3 -- Attendance: 1953 (97.65%) -- Ticket Income $68,355
Level 4 -- Attendance: 4000 (100.00%) -- Ticket Income $100,000
Luxury Box -- Attendance: 945 (94.50%) -- Ticket Income $189,000
Game was played at the Rodgers Place.
Total Attendance: 17898 (99.43%)
Total Ticket Income: $1,257,355
Other Income: $188,603
Total Income: $1,445,958
Bruins
5 vs 5 Forward
Center Left Wing Right Wing Time % Phy DF OF
1 Jonathan Toews Gabriel Landeskog Zack Kassian 40 0 2 3
2 Kevin Hayes Wojtek Wolski Mark Stone 30 0 2 3
3 Casey Cizikas Eric Wellwood Craig Smith 20 1 2 2
4 Radek Faksa Taylor Beck Andreas Athanasiou 10 1 2 2
5 vs 5 Defense
Defense Defense Time % Phy DF OF
1 Jason Demers Madison Bowey 40 0 2 3
2 Brendan Smith Torey Krug 30 1 2 2
3 Josh Manson Adam Pelech 20 1 2 2
4 Jason Demers Torey Krug 10 1 2 2
PowerPlay Forward
Center Left Wing Right Wing Time % Phy DF OF
1 Jonathan Toews Wojtek Wolski Zack Kassian 60 0 2 3
2 Kevin Hayes Gabriel Landeskog Mark Stone 40 0 2 3
PowerPlay Defense
Defense Defense Time % Phy DF OF
1 Jason Demers Torey Krug 60 0 2 3
2 Brendan Smith Madison Bowey 40 1 2 2
Penalty Kill 4 Players Forward
Center Wing Time % Phy DF OF
1 Gabriel Landeskog Zack Kassian 60 1 2 2
2 Wojtek Wolski Jonathan Toews 40 1 2 2
Penalty Kill 4 Players Defense
Defense Defense Time % Phy DF OF
1 Jason Demers Torey Krug 60 1 2 2
2 Brendan Smith Madison Bowey 40 1 2 2
Penalty Kill - 3 Players Forward
Forward Time % Phy DF OF
1 Gabriel Landeskog 60 1 2 2
2 Zack Kassian 40 1 2 2
Penalty Kill - 3 Players Defense
Defense Defense Time % Phy DF OF
1 Jason Demers Torey Krug 60 1 2 2
2 Brendan Smith Madison Bowey 40 1 2 2
4 vs 4 Forward
Center Wing Time % Phy DF OF
1 Gabriel Landeskog Zack Kassian 60 1 2 2
2 Wojtek Wolski Jonathan Toews 40 1 2 2
4 vs 4 Defense
Defense Defense Time % Phy DF OF
1 Jason Demers Torey Krug 60 1 2 2
2 Brendan Smith Madison Bowey 40 1 2 2
Last Minutes Offensive
Center Left Wing Right Wing Defense Defense
Jonathan Toews Gabriel Landeskog Zack Kassian Jason Demers Torey Krug
Last Minutes Defensive
Center Left Wing Right Wing Defense Defense
Jonathan Toews Gabriel Landeskog Zack Kassian Jason Demers Torey Krug
Goaltenders
Starting : Kevin Poulin
Backup : Tuukka Rask
Extra Forwards
Normal : Eric Wellwood, Craig Smith, Casey Cizikas - PP : Eric Wellwood, Craig Smith - PK : Casey Cizikas
Extra Defensemen
Normal : Madison Bowey, Jason Demers, Brendan Smith - PP : Josh Manson - PK : Adam Pelech, Brendan Smith
Penalty Shots
Gabriel Landeskog, Zack Kassian, Wojtek Wolski, Jonathan Toews, Kevin Hayes
Custom OT Lines Forwards
Gabriel Landeskog, Zack Kassian, Wojtek Wolski, Jonathan Toews, Kevin Hayes, Mark Stone, Eric Wellwood, Craig Smith, Casey Cizikas, Radek Faksa
Custom OT Lines Defensemen
Jason Demers, Torey Krug, Brendan Smith, Madison Bowey, Josh Manson
Scratches
None
Oilers
5 vs 5 Forward
Center Left Wing Right Wing Time % Phy DF OF
1 Connor McDavid Kyle Clifford Connor Brown 35 1 2 2
2 Leon Draisaitl Greg Stewart Alexander Radulov 30 1 2 2
3 Frederik Gauthier Tyler Bertuzzi Jake Virtanen 25 1 2 2
4 Mark Jankowski Anton Slepyshev Alex Tuch 10 1 2 2
5 vs 5 Defense
Defense Defense Time % Phy DF OF
1 Mathew Dumba Brent Seabrook 40 1 2 2
2 Drew Doughty Marcus Pettersson 30 1 2 2
3 Raphael Diaz Mattias Ekholm 20 1 2 2
4 Marcus Pettersson Drew Doughty 10 1 2 2
PowerPlay Forward
Center Left Wing Right Wing Time % Phy DF OF
1 Connor McDavid Greg Stewart Connor Brown 60 1 2 2
2 Leon Draisaitl Kyle Clifford Alex Tuch 40 1 2 2
PowerPlay Defense
Defense Defense Time % Phy DF OF
1 Drew Doughty Marcus Pettersson 60 1 2 2
2 Mathew Dumba Brent Seabrook 40 1 2 2
Penalty Kill 4 Players Forward
Center Wing Time % Phy DF OF
1 Frederik Gauthier Kyle Clifford 60 1 4 0
2 Leon Draisaitl Tyler Bertuzzi 40 1 4 0
Penalty Kill 4 Players Defense
Defense Defense Time % Phy DF OF
1 Drew Doughty Raphael Diaz 60 0 5 0
2 Mathew Dumba Brent Seabrook 40 0 5 0
Penalty Kill - 3 Players Forward
Forward Time % Phy DF OF
1 Connor McDavid 60 0 5 0
2 Leon Draisaitl 40 0 5 0
Penalty Kill - 3 Players Defense
Defense Defense Time % Phy DF OF
1 Drew Doughty Raphael Diaz 60 0 5 0
2 Mathew Dumba Brent Seabrook 40 0 5 0
4 vs 4 Forward
Center Wing Time % Phy DF OF
1 Connor McDavid Kyle Clifford 60 1 2 2
2 Leon Draisaitl Tyler Bertuzzi 40 1 2 2
4 vs 4 Defense
Defense Defense Time % Phy DF OF
1 Drew Doughty Raphael Diaz 60 1 2 2
2 Mathew Dumba Brent Seabrook 40 1 2 2
Last Minutes Offensive
Center Left Wing Right Wing Defense Defense
Connor McDavid Kyle Clifford Connor Brown Drew Doughty Mathew Dumba
Last Minutes Defensive
Center Left Wing Right Wing Defense Defense
Connor McDavid Kyle Clifford Connor Brown Drew Doughty Mathew Dumba
Goaltenders
Starting : Carter Hart
Backup : Jaxson Stauber
Extra Forwards
Normal : Alex Tuch, Alexander Radulov, Tyler Bertuzzi - PP : Alex Tuch, Alexander Radulov - PK : Alex Tuch
Extra Defensemen
Normal : Raphael Diaz, Brent Seabrook, Marcus Pettersson - PP : Marcus Pettersson - PK : Raphael Diaz, Brent Seabrook
Penalty Shots
Connor McDavid, Kyle Clifford, Connor Brown, Leon Draisaitl, Alex Tuch
Custom OT Lines Forwards
Connor McDavid, Kyle Clifford, Connor Brown, Leon Draisaitl, Alex Tuch, Alexander Radulov, Tyler Bertuzzi, Frederik Gauthier, Jake Virtanen, Anton Slepyshev
Custom OT Lines Defensemen
Drew Doughty, Mattias Ekholm, Mathew Dumba, Brent Seabrook, Raphael Diaz
Scratches
Darnell Nurse (Sprained Left Ankle Injury), Mikko Koskinen (Left Hip Injury)
% Time on Ice - Bruins
Lines # - Real PCT - Wanted PCT - Time Play
Normal Forward
1 - 37% - 40% - 18:08
2 - 28% - 30% - 13:55
3 - 20% - 20% - 10:00
4 - 14% - 10% - 6:55
Normal Defense
1 - 42% - 40% - 20:26
2 - 30% - 30% - 14:55
3 - 22% - 20% - 10:33
4 - 6% - 10% - 3:04
PP Forward
1 - 66% - 60% - 1:18
2 - 34% - 40% - 0:41
PP Defense
1 - 53% - 60% - 1:03
2 - 47% - 40% - 0:56
PK Forward
1 - 82% - 60% - 7:25
2 - 18% - 40% - 1:38
PK Defense
1 - 65% - 60% - 5:51
2 - 35% - 40% - 3:12
PK3 Forward
1 - 88% - 60% - 0:51
2 - 12% - 40% - 0:07
PK3 Defense
1 - 43% - 60% - 0:25
2 - 57% - 40% - 0:33
44 Forward
1 - 0% - 60%
2 - 0% - 40%
44 Defense
1 - 0% - 60%
2 - 0% - 40%
Last Minute Offensive - 0:00
Last Minute Defensive - 0:00
Total
Forward - 60:58
Defense - 60:58
|
% Time on Ice - Oilers
Lines # - Real PCT - Wanted PCT - Time Play
Normal Forward
1 - 34% - 35% - 16:43
2 - 29% - 30% - 14:12
3 - 24% - 25% - 11:36
4 - 13% - 10% - 6:27
Normal Defense
1 - 43% - 40% - 21:14
2 - 29% - 30% - 14:25
3 - 21% - 20% - 10:20
4 - 6% - 10% - 2:59
PP Forward
1 - 51% - 60% - 4:37
2 - 49% - 40% - 4:26
PP Defense
1 - 65% - 60% - 5:55
2 - 35% - 40% - 3:08
PK Forward
1 - 73% - 60% - 1:27
2 - 27% - 40% - 0:32
PK Defense
1 - 55% - 60% - 1:06
2 - 45% - 40% - 0:53
PK3 Forward
1 - 0% - 60%
2 - 0% - 40%
PK3 Defense
1 - 0% - 60%
2 - 0% - 40%
44 Forward
1 - 76% - 60% - 0:44
2 - 24% - 40% - 0:14
44 Defense
1 - 62% - 60% - 0:36
2 - 38% - 40% - 0:22
Last Minute Offensive - 0:00
Last Minute Defensive - 0:00
Total
Forward - 60:58
Defense - 60:58
|
Play-by-Play
1st period
0:01 of 1st period - Jonathan Toews wins face-off versus Connor McDavid in neutral zone.
1:49 of 1st period - Slapshot by Drew Doughty.
1:49 of 1st period - Shot Misses the Net.
2:03 of 1st period - Eric Wellwood is hit by Leon Draisaitl and loses puck.
2:24 of 1st period - Wojtek Wolski is hit by Raphael Diaz and loses puck.
2:31 of 1st period - Backhand shot by Jake Virtanen.
2:31 of 1st period - Shot Misses the Net.
2:41 of 1st period - Zack Kassian is hit by Kyle Clifford and loses puck.
3:14 of 1st period - Slapshot by Mathew Dumba.
3:14 of 1st period - Deflect By Brendan Smith.
3:14 of 1st period - Stopped by Kevin Poulin with a rebound.
3:47 of 1st period - Madison Bowey is hit by Marcus Pettersson and loses puck.
4:30 of 1st period - Wrist shot by Andreas Athanasiou.
4:30 of 1st period - Shot Misses the Net.
4:38 of 1st period - Jason Demers is hit by Alex Tuch and loses puck.
4:47 of 1st period - Mark Jankowski is hit by Torey Krug and loses puck.
4:54 of 1st period - Wrist shot by Taylor Beck.
4:54 of 1st period - Shot Misses the Net.
5:08 of 1st period - Backhand shot by Andreas Athanasiou.
5:08 of 1st period - Shot Misses the Net.
5:10 of 1st period - Slapshot by Brendan Smith.
5:10 of 1st period - Deflect By Drew Doughty.
5:10 of 1st period - Stopped by Carter Hart without a rebound.
5:11 of 1st period - Gabriel Landeskog wins face-off versus Alexander Radulov in Oilers zone.
5:47 of 1st period - Wrist shot by Mark Stone.
5:47 of 1st period - Shot Blocked by Brent Seabrook.
6:10 of 1st period - Slapshot by Adam Pelech.
6:10 of 1st period - Deflect By Mathew Dumba.
6:10 of 1st period - Stopped by Carter Hart with a rebound.
6:34 of 1st period - Madison Bowey is hit by Connor McDavid and loses puck.
7:06 of 1st period - Backhand shot by Leon Draisaitl.
7:06 of 1st period - Stopped by Kevin Poulin without a rebound.
7:07 of 1st period - Jonathan Toews wins face-off versus Connor McDavid in Bruins zone.
7:16 of 1st period - Snap shot by Gabriel Landeskog.
7:16 of 1st period - Bruins goal is going for a video replay.
7:16 of 1st period - The goal is refused. The goalkeeper has been pushed into the net together with the puck after making a save..
7:17 of 1st period - Connor McDavid wins face-off versus Jonathan Toews in Oilers zone.
7:33 of 1st period - Snap shot by Jonathan Toews.
7:33 of 1st period - Stopped by Carter Hart without a rebound.
7:34 of 1st period - Leon Draisaitl wins face-off versus Kevin Hayes in Oilers zone.
7:34 of 1st period - Leon Draisaitl is hit by Kevin Hayes.
7:44 of 1st period - Snap shot by Kevin Hayes.
7:44 of 1st period - Deflect By Mark Stone.
7:44 of 1st period - Shot Misses the Net.
7:44 of 1st period - Puck is out of play.
7:45 of 1st period - Jonathan Toews wins face-off versus Connor McDavid in Oilers zone.
8:00 of 1st period - Zack Kassian is hit by Kyle Clifford.
8:12 of 1st period - Mattias Ekholm is hit by Torey Krug and loses puck.
8:21 of 1st period - Slapshot by Mark Stone.
8:21 of 1st period - Shot Misses the Net.
8:23 of 1st period - Wrist shot by Kevin Hayes.
8:23 of 1st period - Shot Blocked by Greg Stewart.
8:41 of 1st period - Mattias Ekholm is hit by Josh Manson.
8:57 of 1st period - Snap shot by Radek Faksa.
8:57 of 1st period - Shot Blocked by Drew Doughty.
8:59 of 1st period - Snap shot by Andreas Athanasiou.
8:59 of 1st period - Stopped by Carter Hart without a rebound.
9:00 of 1st period - Connor McDavid wins face-off versus Radek Faksa in Oilers zone.
9:52 of 1st period - Frederik Gauthier is hit by Jonathan Toews and loses puck.
10:38 of 1st period - Slapshot by Kyle Clifford.
10:38 of 1st period - Shot Misses the Net.
10:42 of 1st period - Wrist shot by Kyle Clifford.
10:42 of 1st period - Deflect By Connor Brown.
10:42 of 1st period - Shot Misses the Net.
10:42 of 1st period - Puck is out of play.
10:43 of 1st period - Leon Draisaitl wins face-off versus Jonathan Toews in Bruins zone.
11:33 of 1st period - Snap shot by Mark Stone.
11:33 of 1st period - Shot Blocked by Mathew Dumba.
12:05 of 1st period - Snap shot by Casey Cizikas.
12:05 of 1st period - Shot Misses the Net.
12:07 of 1st period - Wrist shot by Casey Cizikas.
12:07 of 1st period - Deflect By Anton Slepyshev.
12:07 of 1st period - Shot Misses the Net.
12:07 of 1st period - Puck is out of play.
12:08 of 1st period - Connor McDavid wins face-off versus Mark Stone in Oilers zone.
12:08 of 1st period - Connor McDavid is hit by Kevin Hayes.
12:24 of 1st period - Minor Penalty to Mattias Ekholm for Hooking.
12:25 of 1st period - Frederik Gauthier wins face-off versus Jonathan Toews in Oilers zone.
12:25 of 1st period - Frederik Gauthier is hit by Wojtek Wolski.
12:41 of 1st period - Raphael Diaz is hit by Torey Krug and loses puck.
13:11 of 1st period - Wrist shot by Leon Draisaitl.
13:11 of 1st period - Stopped by Kevin Poulin with a rebound.
13:14 of 1st period - Icing by Brendan Smith.
13:15 of 1st period - Frederik Gauthier wins face-off versus Jonathan Toews in Bruins zone.
13:51 of 1st period - Leon Draisaitl is hit by Zack Kassian and loses puck.
14:11 of 1st period - Alex Tuch is hit by Zack Kassian and loses puck.
14:24 of 1st period - Penalty to Mattias Ekholm is over, Mattias Ekholm is back on ice.
15:19 of 1st period - Slapshot by Alex Tuch.
15:19 of 1st period - Shot Blocked by Torey Krug.
15:21 of 1st period - Snap shot by Mattias Ekholm.
15:21 of 1st period - Shot Misses the Net.
15:23 of 1st period - Slapshot by Raphael Diaz.
15:23 of 1st period - Shot Misses the Net.
15:25 of 1st period - Wrist shot by Anton Slepyshev.
15:25 of 1st period - Shot Misses the Net.
15:29 of 1st period - Wrist shot by Anton Slepyshev.
15:29 of 1st period - Stopped by Kevin Poulin without a rebound.
15:30 of 1st period - Leon Draisaitl wins face-off versus Casey Cizikas in Bruins zone.
15:35 of 1st period - Wrist shot by Greg Stewart.
15:35 of 1st period - Stopped by Kevin Poulin without a rebound.
15:36 of 1st period - Leon Draisaitl wins face-off versus Casey Cizikas in Bruins zone.
15:37 of 1st period - Wrist shot by Greg Stewart.
15:37 of 1st period - Stopped by Kevin Poulin without a rebound.
15:38 of 1st period - Casey Cizikas wins face-off versus Leon Draisaitl in Bruins zone.
15:43 of 1st period - Wrist shot by Craig Smith.
15:43 of 1st period - Shot Misses the Net.
15:45 of 1st period - Slapshot by Josh Manson.
15:45 of 1st period - Shot Blocked by Brent Seabrook.
15:47 of 1st period - Wrist shot by Craig Smith.
15:47 of 1st period - Shot Blocked by Mathew Dumba.
15:49 of 1st period - Snap shot by Eric Wellwood.
15:49 of 1st period - Shot Blocked by Brent Seabrook.
15:51 of 1st period - Wrist shot by Craig Smith.
15:51 of 1st period - Stopped by Carter Hart without a rebound.
15:52 of 1st period - Leon Draisaitl wins face-off versus Casey Cizikas in Oilers zone.
16:07 of 1st period - Brent Seabrook is hit by Craig Smith and loses puck.
16:22 of 1st period - Snap shot by Taylor Beck.
16:22 of 1st period - Shot Blocked by Mathew Dumba.
16:38 of 1st period - Snap shot by Mathew Dumba.
16:38 of 1st period - Shot Misses the Net.
16:40 of 1st period - Slapshot by Brent Seabrook.
16:40 of 1st period - Shot Misses the Net.
16:42 of 1st period - Snap shot by Connor Brown.
16:42 of 1st period - Stopped by Kevin Poulin without a rebound.
16:43 of 1st period - Connor McDavid wins face-off versus Casey Cizikas in Bruins zone.
16:44 of 1st period - Wrist shot by Connor Brown.
16:44 of 1st period - Stopped by Kevin Poulin without a rebound.
16:45 of 1st period - Leon Draisaitl wins face-off versus Casey Cizikas in Bruins zone.
16:51 of 1st period - Icing by Craig Smith.
16:52 of 1st period - Leon Draisaitl wins face-off versus Casey Cizikas in Bruins zone.
17:15 of 1st period - Snap shot by Craig Smith.
17:15 of 1st period - Shot Misses the Net.
17:17 of 1st period - Slapshot by Craig Smith.
17:17 of 1st period - Shot Blocked by Greg Stewart.
17:19 of 1st period - Wrist shot by Torey Krug.
17:19 of 1st period - Shot Misses the Net.
17:43 of 1st period - Slapshot by Jason Demers.
17:43 of 1st period - Shot Blocked by Drew Doughty.
17:45 of 1st period - Snap shot by Craig Smith.
17:45 of 1st period - Stopped by Carter Hart without a rebound.
17:46 of 1st period - Frederik Gauthier wins face-off versus Zack Kassian in Oilers zone.
17:55 of 1st period - Slapshot by Tyler Bertuzzi.
17:55 of 1st period - Shot Misses the Net.
17:57 of 1st period - Wrist shot by Tyler Bertuzzi.
17:57 of 1st period - Stopped by Kevin Poulin with a rebound.
18:11 of 1st period - Snap shot by Anton Slepyshev.
18:11 of 1st period - Shot Blocked by Adam Pelech.
18:13 of 1st period - Slapshot by Alex Tuch.
18:13 of 1st period - Shot Misses the Net.
18:15 of 1st period - Slapshot by Brent Seabrook.
18:15 of 1st period - Shot Blocked by Jonathan Toews.
18:17 of 1st period - Snap shot by Brent Seabrook.
18:17 of 1st period - Shot Blocked by Adam Pelech.
18:25 of 1st period - Slapshot by Alex Tuch.
18:25 of 1st period - Stopped by Kevin Poulin without a rebound.
18:26 of 1st period - Kevin Hayes wins face-off versus Kyle Clifford in Bruins zone.
18:35 of 1st period - Snap shot by Mark Stone.
18:35 of 1st period - Stopped by Carter Hart without a rebound.
18:36 of 1st period - Kevin Hayes wins face-off versus Connor McDavid in Oilers zone.
18:53 of 1st period - Wrist shot by Kevin Hayes.
18:53 of 1st period - Deflect By Wojtek Wolski.
18:53 of 1st period - Stopped by Carter Hart without a rebound.
18:54 of 1st period - Frederik Gauthier wins face-off versus Zack Kassian in Oilers zone.
19:11 of 1st period - Snap shot by Gabriel Landeskog.
19:11 of 1st period - Stopped by Carter Hart without a rebound.
19:12 of 1st period - Leon Draisaitl wins face-off versus Kevin Hayes in Oilers zone.
19:12 of 1st period - Leon Draisaitl is hit by Wojtek Wolski.
19:18 of 1st period - Wojtek Wolski is hit by Marcus Pettersson and loses puck.
19:25 of 1st period - Mark Stone is hit by Leon Draisaitl and loses puck.
19:41 of 1st period - Off-side.
19:42 of 1st period - Connor McDavid wins face-off versus Gabriel Landeskog in neutral zone.
19:49 of 1st period - Backhand shot by Kyle Clifford.
19:49 of 1st period - Shot Misses the Net.
Goals for this period are 0 for Bruins vs 0 for Oilers.
Shots for this period are 10 for Bruins vs 10 for Oilers.
2nd period
0:01 of 2nd period - Jake Virtanen wins face-off versus Jonathan Toews in neutral zone.
0:04 of 2nd period - Jason Demers is hit by Tyler Bertuzzi and loses puck.
0:36 of 2nd period - Snap shot by Wojtek Wolski.
0:36 of 2nd period - Deflect By Kevin Hayes.
0:36 of 2nd period - Shot Misses the Net.
0:36 of 2nd period - Puck is out of play.
0:37 of 2nd period - Mark Stone wins face-off versus Alexander Radulov in Oilers zone.
0:44 of 2nd period - Wrist shot by Leon Draisaitl.
0:44 of 2nd period - Shot Misses the Net.
0:46 of 2nd period - Wrist shot by Greg Stewart.
0:46 of 2nd period - Goal by Greg Stewart - Bruins : 0 - Oilers : 1.
0:47 of 2nd period - Frederik Gauthier wins face-off versus Jonathan Toews in neutral zone.
1:12 of 2nd period - Drew Doughty is hit by Torey Krug and loses puck.
1:17 of 2nd period - Snap shot by Kevin Hayes.
1:17 of 2nd period - Stopped by Carter Hart with a rebound.
1:19 of 2nd period - Slapshot by Wojtek Wolski.
1:19 of 2nd period - Shot Misses the Net.
1:21 of 2nd period - Slapshot by Wojtek Wolski.
1:21 of 2nd period - Shot Misses the Net.
1:23 of 2nd period - Wrist shot by Kevin Hayes.
1:23 of 2nd period - Stopped by Carter Hart without a rebound.
1:24 of 2nd period - Frederik Gauthier wins face-off versus Jonathan Toews in Oilers zone.
1:38 of 2nd period - Snap shot by Tyler Bertuzzi.
1:38 of 2nd period - Shot Misses the Net.
1:40 of 2nd period - Slapshot by Tyler Bertuzzi.
1:40 of 2nd period - Stopped by Kevin Poulin without a rebound.
1:41 of 2nd period - Kevin Hayes wins face-off versus Connor McDavid in Bruins zone.
1:56 of 2nd period - Snap shot by Kevin Hayes.
1:56 of 2nd period - Stopped by Carter Hart with a rebound.
1:58 of 2nd period - Slapshot by Torey Krug.
1:58 of 2nd period - Stopped by Carter Hart without a rebound.
1:59 of 2nd period - Gabriel Landeskog wins face-off versus Leon Draisaitl in Oilers zone.
2:12 of 2nd period - Snap shot by Jonathan Toews.
2:12 of 2nd period - Deflect By Zack Kassian.
2:12 of 2nd period - Stopped by Carter Hart with a rebound.
2:14 of 2nd period - Snap shot by Zack Kassian.
2:14 of 2nd period - Shot Blocked by Leon Draisaitl.
2:16 of 2nd period - Slapshot by Madison Bowey.
2:16 of 2nd period - Stopped by Carter Hart with a rebound.
2:43 of 2nd period - Minor Penalty to Wojtek Wolski for Roughing.
2:44 of 2nd period - Gabriel Landeskog wins face-off versus Connor McDavid in Bruins zone.
4:43 of 2nd period - Penalty to Wojtek Wolski is over, Wojtek Wolski is back on ice.
5:30 of 2nd period - Minor Penalty to Adam Pelech for Holding.
5:31 of 2nd period - Connor McDavid wins face-off versus Gabriel Landeskog in Bruins zone.
5:36 of 2nd period - Wrist shot by Connor McDavid.
5:36 of 2nd period - Goal by Connor McDavid - Bruins : 0 - Oilers : 2.
5:37 of 2nd period - Jonathan Toews wins face-off versus Leon Draisaitl in neutral zone.
6:05 of 2nd period - Minor Penalty to Wojtek Wolski for Roughing.
6:06 of 2nd period - Gabriel Landeskog wins face-off versus Connor McDavid in Bruins zone.
7:50 of 2nd period - Icing by Drew Doughty.
7:51 of 2nd period - Casey Cizikas wins face-off versus Connor McDavid in Oilers zone.
8:05 of 2nd period - Penalty to Wojtek Wolski is over, Wojtek Wolski is back on ice.
8:17 of 2nd period - Icing by Radek Faksa.
8:18 of 2nd period - Frederik Gauthier wins face-off versus Radek Faksa in Bruins zone.
8:46 of 2nd period - Off-side.
8:47 of 2nd period - Gabriel Landeskog wins face-off versus Connor McDavid in neutral zone.
8:58 of 2nd period - Snap shot by Zack Kassian.
8:58 of 2nd period - Stopped by Carter Hart with a rebound.
9:00 of 2nd period - Snap shot by Jonathan Toews.
9:00 of 2nd period - Shot Misses the Net.
9:02 of 2nd period - Snap shot by Zack Kassian.
9:02 of 2nd period - Stopped by Carter Hart without a rebound.
9:03 of 2nd period - Leon Draisaitl wins face-off versus Kevin Hayes in Oilers zone.
9:16 of 2nd period - Brent Seabrook is hit by Kevin Hayes and loses puck.
9:40 of 2nd period - Snap shot by Zack Kassian.
9:40 of 2nd period - Stopped by Carter Hart without a rebound.
9:41 of 2nd period - Frederik Gauthier wins face-off versus Kevin Hayes in Oilers zone.
10:12 of 2nd period - Snap shot by Madison Bowey.
10:12 of 2nd period - Shot Blocked by Connor McDavid.
11:03 of 2nd period - Wrist shot by Wojtek Wolski.
11:03 of 2nd period - Goal by Wojtek Wolski - Bruins : 1 - Oilers : 2.
11:04 of 2nd period - Jonathan Toews wins face-off versus Connor McDavid in neutral zone.
11:37 of 2nd period - Slapshot by Kevin Hayes.
11:37 of 2nd period - Stopped by Carter Hart without a rebound.
11:38 of 2nd period - Connor McDavid wins face-off versus Kevin Hayes in Oilers zone.
13:36 of 2nd period - Slapshot by Greg Stewart.
13:36 of 2nd period - Shot Blocked by Brendan Smith.
13:38 of 2nd period - Backhand shot by Mathew Dumba.
13:38 of 2nd period - Goal by Mathew Dumba - Bruins : 1 - Oilers : 3.
13:39 of 2nd period - Connor McDavid wins face-off versus Jonathan Toews in neutral zone.
14:46 of 2nd period - Wrist shot by Eric Wellwood.
14:46 of 2nd period - Shot Misses the Net.
15:06 of 2nd period - Snap shot by Connor McDavid.
15:06 of 2nd period - Deflect By Connor Brown.
15:06 of 2nd period - Shot Blocked by Jason Demers.
15:06 of 2nd period - Puck is out of play.
15:07 of 2nd period - Leon Draisaitl wins face-off versus Jonathan Toews in Bruins zone.
15:12 of 2nd period - Wrist shot by Leon Draisaitl.
15:12 of 2nd period - Stopped by Kevin Poulin without a rebound.
15:13 of 2nd period - Leon Draisaitl wins face-off versus Jonathan Toews in Bruins zone.
16:12 of 2nd period - Icing by Mathew Dumba.
16:13 of 2nd period - Jonathan Toews wins face-off versus Frederik Gauthier in Oilers zone.
16:28 of 2nd period - Snap shot by Gabriel Landeskog.
16:28 of 2nd period - Stopped by Carter Hart with a rebound.
16:36 of 2nd period - Wrist shot by Jake Virtanen.
16:36 of 2nd period - Stopped by Kevin Poulin without a rebound.
16:37 of 2nd period - Connor McDavid wins face-off versus Wojtek Wolski in Bruins zone.
16:38 of 2nd period - Wrist shot by Connor Brown.
16:38 of 2nd period - Shot Misses the Net.
16:40 of 2nd period - Snap shot by Connor Brown.
16:40 of 2nd period - Stopped by Kevin Poulin with a rebound.
16:42 of 2nd period - Wrist shot by Connor Brown.
16:42 of 2nd period - Stopped by Kevin Poulin without a rebound.
16:43 of 2nd period - Jonathan Toews wins face-off versus Connor McDavid in Bruins zone.
16:43 of 2nd period - Jonathan Toews is hit by Kyle Clifford.
17:15 of 2nd period - Wrist shot by Casey Cizikas.
17:15 of 2nd period - Shot Misses the Net.
17:17 of 2nd period - Snap shot by Eric Wellwood.
17:17 of 2nd period - Stopped by Carter Hart with a rebound.
17:19 of 2nd period - Wrist shot by Eric Wellwood.
17:19 of 2nd period - Shot Misses the Net.
17:21 of 2nd period - Slapshot by Eric Wellwood.
17:21 of 2nd period - Stopped by Carter Hart without a rebound.
17:22 of 2nd period - Connor McDavid wins face-off versus Jonathan Toews in Oilers zone.
18:55 of 2nd period - Snap shot by Connor McDavid.
18:55 of 2nd period - Stopped by Kevin Poulin without a rebound.
18:56 of 2nd period - Jonathan Toews wins face-off versus Connor McDavid in Bruins zone.
19:01 of 2nd period - Slapshot by Gabriel Landeskog.
19:01 of 2nd period - Stopped by Carter Hart with a rebound.
Goals for this period are 1 for Bruins vs 3 for Oilers.
Shots for this period are 15 for Bruins vs 9 for Oilers.
3rd period
0:01 of 3rd period - Connor McDavid wins face-off versus Jonathan Toews in neutral zone.
1:05 of 3rd period - Snap shot by Greg Stewart.
1:05 of 3rd period - Shot Misses the Net.
1:07 of 3rd period - Wrist shot by Leon Draisaitl.
1:07 of 3rd period - Stopped by Kevin Poulin without a rebound.
1:08 of 3rd period - Jonathan Toews wins face-off versus Frederik Gauthier in Bruins zone.
1:24 of 3rd period - Minor Penalty to Zack Kassian for Close Hand On Puck.
1:25 of 3rd period - Connor McDavid wins face-off versus Casey Cizikas in Bruins zone.
1:35 of 3rd period - Snap shot by Connor McDavid.
1:35 of 3rd period - Shot Misses the Net.
2:30 of 3rd period - Gabriel Landeskog is hit by Mathew Dumba and loses puck.
3:17 of 3rd period - Leon Draisaitl is hit by Jason Demers and loses puck.
3:24 of 3rd period - Penalty to Zack Kassian is over, Zack Kassian is back on ice.
3:34 of 3rd period - Slapshot by Wojtek Wolski.
3:34 of 3rd period - Stopped by Carter Hart with a rebound.
3:36 of 3rd period - Snap shot by Wojtek Wolski.
3:36 of 3rd period - Goal by Wojtek Wolski - Bruins : 2 - Oilers : 3.
3:37 of 3rd period - Jonathan Toews wins face-off versus Frederik Gauthier in neutral zone.
4:21 of 3rd period - Icing by Greg Stewart.
4:22 of 3rd period - Connor Brown wins face-off versus Casey Cizikas in Oilers zone.
4:22 of 3rd period - Connor Brown is hit by Craig Smith.
4:25 of 3rd period - Icing by Connor McDavid.
4:26 of 3rd period - Casey Cizikas wins face-off versus Connor McDavid in Oilers zone.
4:37 of 3rd period - Slapshot by Jason Demers.
4:37 of 3rd period - Deflect By Eric Wellwood.
4:37 of 3rd period - Shot Misses the Net.
4:37 of 3rd period - Puck is out of play.
4:38 of 3rd period - Leon Draisaitl wins face-off versus Jonathan Toews in Oilers zone.
4:38 of 3rd period - Leon Draisaitl is hit by Zack Kassian.
4:53 of 3rd period - Brent Seabrook is hit by Gabriel Landeskog and loses puck.
5:04 of 3rd period - Madison Bowey is hit by Tyler Bertuzzi and loses puck.
5:09 of 3rd period - Slapshot by Jake Virtanen.
5:09 of 3rd period - Shot Blocked by Madison Bowey.
5:52 of 3rd period - Slapshot by Radek Faksa.
5:52 of 3rd period - Stopped by Carter Hart without a rebound.
5:53 of 3rd period - Radek Faksa wins face-off versus Leon Draisaitl in Oilers zone.
6:00 of 3rd period - Wrist shot by Radek Faksa.
6:00 of 3rd period - Stopped by Carter Hart with a rebound.
6:02 of 3rd period - Slapshot by Torey Krug.
6:02 of 3rd period - Stopped by Carter Hart with a rebound.
6:06 of 3rd period - Wrist shot by Andreas Athanasiou.
6:06 of 3rd period - Shot Misses the Net.
6:18 of 3rd period - Greg Stewart is hit by Mark Stone and loses puck.
6:47 of 3rd period - Connor McDavid is hit by Adam Pelech and loses puck.
7:11 of 3rd period - Raphael Diaz is hit by Casey Cizikas and loses puck.
7:28 of 3rd period - Slapshot by Anton Slepyshev.
7:28 of 3rd period - Shot Misses the Net.
7:30 of 3rd period - Slapshot by Brent Seabrook.
7:30 of 3rd period - Shot Blocked by Madison Bowey.
7:56 of 3rd period - Snap shot by Jonathan Toews.
7:56 of 3rd period - Shot Blocked by Mathew Dumba.
7:58 of 3rd period - Snap shot by Zack Kassian.
7:58 of 3rd period - Goal by Zack Kassian - Bruins : 3 - Oilers : 3.
7:59 of 3rd period - Jonathan Toews wins face-off versus Connor McDavid in neutral zone.
8:26 of 3rd period - Brent Seabrook is hit by Brendan Smith and loses puck.
9:32 of 3rd period - Off-side.
9:33 of 3rd period - Connor McDavid wins face-off versus Jonathan Toews in neutral zone.
9:40 of 3rd period - Snap shot by Jonathan Toews.
9:40 of 3rd period - Shot Misses the Net.
9:42 of 3rd period - Slapshot by Jonathan Toews.
9:42 of 3rd period - Deflect By Zack Kassian.
9:42 of 3rd period - Shot Misses the Net.
9:42 of 3rd period - Puck is out of play.
9:43 of 3rd period - Leon Draisaitl wins face-off versus Jonathan Toews in Oilers zone.
10:21 of 3rd period - Wrist shot by Wojtek Wolski.
10:21 of 3rd period - Stopped by Carter Hart without a rebound.
10:22 of 3rd period - Casey Cizikas wins face-off versus Kyle Clifford in Oilers zone.
10:23 of 3rd period - Slapshot by Craig Smith.
10:23 of 3rd period - Stopped by Carter Hart with a rebound.
10:25 of 3rd period - Slapshot by Torey Krug.
10:25 of 3rd period - Stopped by Carter Hart without a rebound.
10:26 of 3rd period - Connor McDavid wins face-off versus Casey Cizikas in Oilers zone.
10:31 of 3rd period - Slapshot by Eric Wellwood.
10:31 of 3rd period - Stopped by Carter Hart without a rebound.
10:32 of 3rd period - Casey Cizikas wins face-off versus Connor McDavid in Oilers zone.
10:35 of 3rd period - Snap shot by Casey Cizikas.
10:35 of 3rd period - Deflect By Eric Wellwood.
10:35 of 3rd period - Shot Blocked by Marcus Pettersson.
10:35 of 3rd period - Puck is out of play.
10:36 of 3rd period - Jonathan Toews wins face-off versus Leon Draisaitl in Oilers zone.
10:45 of 3rd period - Wrist shot by Zack Kassian.
10:45 of 3rd period - Shot Misses the Net.
10:47 of 3rd period - Slapshot by Torey Krug.
10:47 of 3rd period - Stopped by Carter Hart without a rebound.
10:48 of 3rd period - Connor McDavid wins face-off versus Jonathan Toews in Oilers zone.
11:11 of 3rd period - Minor Penalty to Zack Kassian for Slashing.
11:12 of 3rd period - Gabriel Landeskog wins face-off versus Connor McDavid in Bruins zone.
11:26 of 3rd period - Off-side.
11:27 of 3rd period - Connor McDavid wins face-off versus Casey Cizikas in neutral zone.
12:26 of 3rd period - Icing by Connor Brown.
12:27 of 3rd period - Connor McDavid wins face-off versus Casey Cizikas in Oilers zone.
12:35 of 3rd period - Wrist shot by Alex Tuch.
12:35 of 3rd period - Stopped by Kevin Poulin without a rebound.
12:36 of 3rd period - Gabriel Landeskog wins face-off versus Leon Draisaitl in Bruins zone.
12:59 of 3rd period - Jason Demers is hit by Leon Draisaitl.
13:11 of 3rd period - Penalty to Zack Kassian is over, Zack Kassian is back on ice.
13:48 of 3rd period - Slapshot by Kyle Clifford.
13:48 of 3rd period - Stopped by Kevin Poulin with a rebound.
13:50 of 3rd period - Wrist shot by Leon Draisaitl.
13:50 of 3rd period - Stopped by Kevin Poulin without a rebound.
13:51 of 3rd period - Frederik Gauthier wins face-off versus Casey Cizikas in Bruins zone.
14:18 of 3rd period - Radek Faksa is hit by Brent Seabrook and loses puck.
14:35 of 3rd period - Snap shot by Mark Stone.
14:35 of 3rd period - Stopped by Carter Hart with a rebound.
15:02 of 3rd period - Icing by Mattias Ekholm.
15:03 of 3rd period - Leon Draisaitl wins face-off versus Casey Cizikas in Oilers zone.
15:03 of 3rd period - Leon Draisaitl is hit by Casey Cizikas.
15:26 of 3rd period - Icing by Connor Brown.
15:27 of 3rd period - Gabriel Landeskog wins face-off versus Frederik Gauthier in Oilers zone.
15:28 of 3rd period - Snap shot by Jonathan Toews.
15:28 of 3rd period - Stopped by Carter Hart with a rebound.
16:06 of 3rd period - Slapshot by Drew Doughty.
16:06 of 3rd period - Shot Blocked by Torey Krug.
17:00 of 3rd period - Marcus Pettersson is hit by Zack Kassian.
17:10 of 3rd period - Tyler Bertuzzi is hit by Kevin Hayes and loses puck.
17:19 of 3rd period - Wrist shot by Jake Virtanen.
17:19 of 3rd period - Stopped by Kevin Poulin with a rebound.
17:35 of 3rd period - Jason Demers is hit by Connor McDavid and loses puck.
17:42 of 3rd period - Slapshot by Madison Bowey.
17:42 of 3rd period - Stopped by Carter Hart with a rebound.
18:37 of 3rd period - Snap shot by Greg Stewart.
18:37 of 3rd period - Stopped by Kevin Poulin with a rebound.
18:58 of 3rd period - Minor Penalty to Adam Pelech for Hooking.
18:59 of 3rd period - Connor McDavid wins face-off versus Gabriel Landeskog in Bruins zone.
19:11 of 3rd period - Zack Kassian is hit by Greg Stewart and loses puck.
19:26 of 3rd period - Jonathan Toews is hit by Kyle Clifford and loses puck.
Goals for this period are 2 for Bruins vs 0 for Oilers.
Shots for this period are 14 for Bruins vs 6 for Oilers.
Overtime #1
0:01 of 1st overtime period - Connor McDavid wins face-off versus Gabriel Landeskog in neutral zone.
0:58 of 1st overtime period - Penalty to Adam Pelech is over, Adam Pelech is back on ice.
0:58 of 1st overtime period - Snap shot by Drew Doughty.
0:58 of 1st overtime period - Stopped by Kevin Poulin with a rebound.
1:14 of 1st overtime period - Snap shot by Alex Tuch.
1:14 of 1st overtime period - Goal by Alex Tuch - Bruins : 3 - Oilers : 4.
Goals for this period are 0 for Bruins vs 1 for Oilers.
Shots for this period are 0 for Bruins vs 2 for Oilers.